Map: Molten Temple

Players

Loken

  • Race: Zerg Zerg
  • League: Platinum
  • Spawn Location: 9:00

Myran

  • Race: Protoss Protoss
  • Spawn Location: 9:00

dallaskuken

  • Race: Protoss Protoss
  • League: Platinum
  • Spawn Location: 9:00

MrHappy - Winner!

  • Race: Terran Terran
  • Spawn Location: 3:00

MrSmooth - Winner!

  • Race: Terran Terran
  • Spawn Location: 3:00

MrCool - Winner!

  • Race: Terran Terran
  • Spawn Location: 3:00

VOD

Have the link to the VOD?

Description

Time

  • Played on: April 5, 2017, 5:03 p.m.
  • Length: 8:22
Show
View Real Time Build Order
Export as new Build Order

Loken Zerg 

Build Orders: Hatch First 

Get SALT Encoding   

  12  0:01  Drone  
  13  0:13  Overlord  
  13  0:18  Drone  
  14  0:32  Drone x2  
  16  0:43  Drone  
  16  0:46  Drone  
  18  1:01  Hatchery, Drone  
  18  1:15  Spawning Pool  
  17  1:18  Extractor  
  17  1:20  Drone  
  17  1:23  Drone  
  18  1:32  Drone  
  19  1:38  Extractor  
  18  1:43  Drone  
  19  1:51  Drone  
  20  2:02  Queen  
  20  2:08  Overlord  
  22  2:14  Roach Warren  
  21  2:22  Drone x2  
  23  2:29  Extractor  
  22  2:32  Drone  
  23  2:37  Queen  
  25  2:44  Drone  
  25  2:45  Drone x2  
  25  2:47  Drone x2  
  30  2:56  Overlord  
  30  2:59  Roach  
  32  3:12  Roach x2  
  36  3:14  Overlord x2  
  36  3:19  Drone  
  37  3:20  Drone  
  38  3:46  Roach  
  38  3:47  Roach x4  
  48  3:57  Drone x3  
  48  4:02  Roach  
  53  4:05  Lair  
  53  4:12  Roach x3  
  59  4:18  Overlord x2  
  59  4:37  Drone  
  59  4:38  Drone x2  
  62  4:43  Roach  
  62  4:44  Roach x4  
  72  4:49  Metabolic Boost  
  72  5:09  Drone x4  
  72  5:11  Overlord  
  72  5:12  Overlord x2  
  76  5:23  Hatchery  
  75  5:32  Roach x5  
  85  5:45  Glial Reconstitution  
  85  5:54  Roach x7  
  99  6:14  Overlord x2  
  99  6:15  Overlord x2  
  99  6:48  Roach x6  
  111  7:27  Infestation Pit  
  108  7:36  Roach  
  60  7:37  Roach x7  
  54  7:49  Roach  
  54  7:50  Roach x5  
Show
View Real Time Build Order
Export as new Build Order

Myran Protoss 

Build Orders:  

Get SALT Encoding   

  12  0:01  Probe (Chrono Boost)  
  13  0:11  Probe (Chrono Boost)  
  14  0:20  Pylon  
  14  0:25  Probe (Chrono Boost)  
  15  0:38  Probe (Chrono Boost)  
  16  0:43  Forge  
  16  0:56  Probe (Chrono Boost)  
  17  1:17  Probe (Chrono Boost)  
  18  1:21  Assimilator  
  18  1:26  Gateway  
  18  1:46  Probe (Chrono Boost)  
  19  2:00  Probe (Chrono Boost)  
  20  2:05  Gateway  
  20  2:07  Nexus  
  20  2:10  Probe (Chrono Boost)  
  21  2:28  Probe (Chrono Boost)  
  22  2:37  Pylon  
  22  2:39  Pylon  
  22  2:44  Pylon, Assimilator  
  22  2:45  Probe (Chrono Boost)  
  22  2:51  Pylon  
  22  2:52  Cybernetics Core  
  22  2:55  Zealot  
  24  3:14  Probe (Chrono Boost)  
  25  3:24  Probe (Chrono Boost)  
  26  3:30  Warp Gate  
  26  3:33  Stalker x2  
  30  3:35  Probe (Chrono Boost)  
  31  3:44  Stargate  
  31  3:46  Probe (Chrono Boost)  
  32  3:51  Probe (Chrono Boost)  
  33  4:01  Probe (Chrono Boost)  
  34  4:04  Robotics Facility, Probe (Chrono Boost)  
  34  4:06  Stalker  
  34  4:09  Zealot  
  39  4:12  Probe (Chrono Boost)  
  40  4:21  Probe (Chrono Boost)  
  40  4:22  Probe (Chrono Boost)  
  42  4:29  Assimilator  
  43  4:31  Probe (Chrono Boost)  
  43  4:33  Probe (Chrono Boost)  
  43  4:36  Protoss Shields Level 1  
  44  4:44  Probe (Chrono Boost)  
  45  4:54  Immortal  
  45  4:57  Probe (Chrono Boost)  
  50  5:07  Probe (Chrono Boost)  
  51  5:13  Assimilator  
  51  5:17  Probe (Chrono Boost)  
  51  5:20  Photon Cannon  
  52  5:28  Probe (Chrono Boost)  
  53  5:37  Oracle  
  53  5:38  Probe (Chrono Boost)  
  57  5:45  Gateway  
  57  5:49  Pylon  
  57  5:52  Pylon  
  57  6:38  Stalker x2  
  34  7:13  Probe (Chrono Boost)  
  35  7:18  Immortal  
  39  7:23  Probe (Chrono Boost)  
  39  7:25  Void Ray  
  44  7:34  Probe (Chrono Boost)  
  45  7:40  Zealot x3  
  47  7:44  Probe (Chrono Boost)  
  38  7:55  Probe (Chrono Boost)  
Show
View Real Time Build Order
Export as new Build Order

dallaskuken Protoss 

Build Orders:  

Get SALT Encoding   

  12  0:01  Probe (Chrono Boost)  
  13  0:19  Pylon  
  13  0:22  Probe (Chrono Boost)  
  14  0:33  Probe (Chrono Boost)  
  15  0:44  Gateway  
  15  0:46  Probe (Chrono Boost)  
  17  0:57  Probe (Chrono Boost)  
  17  1:07  Probe (Chrono Boost)  
  18  1:12  Forge  
  18  1:15  Pylon  
  18  1:18  Probe (Chrono Boost)  
  19  1:21  Assimilator  
  19  1:24  Assimilator  
  19  1:28  Probe (Chrono Boost)  
  20  1:40  Cybernetics Core  
  20  1:46  Photon Cannon  
  20  1:49  Probe (Chrono Boost)  
  21  1:59  Probe (Chrono Boost)  
  21  2:00  Zealot  
  24  2:17  Warp Gate  
  24  2:27  Adept  
  26  2:32  Photon Cannon  
  26  2:36  Pylon  
  26  2:45  Probe (Chrono Boost)  
  27  2:56  Mothership Core (Chrono Boost)  
  29  3:07  Adept  
  31  3:31  Nexus  
  31  3:33  Pylon  
  31  3:41  Adept  
  33  3:48  Pylon  
  33  3:51  Probe (Chrono Boost)  
  34  4:01  Probe (Chrono Boost)  
  35  4:12  Stargate, Probe (Chrono Boost)  
  35  4:13  Stargate  
  36  4:23  Probe (Chrono Boost)  
  37  4:27  Sentry  
  39  4:36  Probe (Chrono Boost)  
  40  4:44  Probe (Chrono Boost)  
  41  4:46  Probe (Chrono Boost)  
  41  4:50  Assimilator  
  42  4:54  Probe (Chrono Boost)  
  42  4:56  Assimilator  
  42  4:57  Probe (Chrono Boost)  
  42  4:58  Pylon  
  44  5:02  Pylon  
  44  5:05  Probe (Chrono Boost)  
  45  5:07  Probe (Chrono Boost)  
  45  5:12  Void Ray  
  50  5:15  Probe (Chrono Boost)  
  51  5:26  Probe (Chrono Boost), Void Ray  
  56  5:54  Void Ray  
  60  6:08  Void Ray  
  64  6:37  Void Ray  
  64  7:09  Void Ray  
  68  7:20  Void Ray  
Show
View Real Time Build Order
Export as new Build Order

MrHappy Terran - Winner!

Build Orders: MMM Bio 

Get SALT Encoding   

  12  0:01  SCV  
  13  0:13  SCV  
  14  0:20  Supply Depot  
  14  0:25  SCV  
  15  0:37  Refinery  
  15  0:41  SCV  
  16  0:45  Barracks  
  16  0:53  SCV  
  17  1:05  SCV  
  17  1:11  Barracks  
  18  1:17  SCV  
  19  1:34  Orbital Command  
  19  1:40  Barracks Tech Lab  
  19  1:44  Supply Depot  
  19  2:00  Barracks Reactor  
  19  2:08  Barracks  
  19  2:14  Marine  
  20  2:16  Stimpack  
  20  2:28  Refinery  
  20  2:30  SCV, Engineering Bay  
  21  2:39  Marine x2  
  21  2:40  Marine  
  24  2:45  SCV  
  25  2:56  Factory  
  25  3:13  Missile Turret  
  25  3:14  Barracks Reactor  
  25  3:21  Terran Infantry Weapons Level 1  
  25  3:25  Marine  
  25  3:26  Marine x2  
  28  3:35  Missile Turret  
  28  3:43  Starport  
  28  3:50  SCV  
  28  3:53  Factory Reactor  
  28  3:54  Marine  
  28  3:55  Marine  
  31  4:00  Supply Depot  
  31  4:05  Supply Depot  
  31  4:17  Combat Shields  
  31  4:21  Marine x4  
  31  4:22  Marine  
  36  4:27  Supply Depot  
  36  4:44  Marine x4  
  36  4:45  Marine  
  41  5:04  Medivac x2  
  45  5:16  Marine x4  
  45  5:17  Marine  
  50  5:21  Supply Depot  
  50  5:37  Medivac x2  
  54  5:49  Command Center  
  54  6:00  Marine  
  54  6:01  Marine x4  
  59  6:18  Marine  
  59  6:24  Marine x4  
  62  6:36  Marine  
  63  6:53  Supply Depot  
  63  7:00  Marine x4, Medivac x2  
  71  7:16  Supply Depot  
  58  7:40  Marine x5  
  58  7:57  Marine  
  58  7:58  Marine x4  
Show
View Real Time Build Order
Export as new Build Order

MrSmooth Terran - Winner!

Build Orders:  

Get SALT Encoding   

  12  0:01  SCV  
  13  0:13  SCV  
  14  0:20  Supply Depot  
  14  0:26  SCV  
  15  0:41  SCV  
  16  0:44  Barracks  
  16  0:46  Refinery  
  16  0:53  SCV  
  17  1:05  SCV  
  18  1:15  Barracks  
  18  1:18  SCV  
  19  1:27  Supply Depot  
  19  1:38  Orbital Command  
  19  1:40  Marine  
  20  1:52  Barracks  
  20  1:59  Marine  
  21  2:10  Marine  
  21  2:14  Supply Depot  
  22  2:17  SCV, Marine  
  24  2:27  Marine  
  25  2:35  Engineering Bay  
  25  2:46  Factory  
  25  2:47  SCV  
  26  2:54  Barracks Tech Lab  
  26  3:00  Refinery  
  26  3:07  Missile Turret  
  26  3:23  Command Center  
  26  3:44  Stimpack  
  26  3:46  Starport  
  26  3:49  Factory Reactor  
  26  3:52  SCV  
  27  4:04  SCV  
  27  4:07  Marauder, Marine x2  
  32  4:19  SCV  
  32  4:23  Terran Infantry Weapons Level 1  
  33  4:35  SCV  
  34  4:45  Marauder, Marine x2  
  36  4:49  Supply Depot  
  38  4:59  Orbital Command  
  38  5:03  Marine x2  
  38  5:06  Marine  
  41  5:15  Missile Turret  
  41  5:16  Medivac x2  
  41  5:20  SCV  
  41  5:21  Marine  
  47  5:30  Barracks  
  47  5:32  SCV, Marine  
  47  5:33  Marauder  
  51  6:00  Marauder, Marine x2  
  55  6:07  Barracks  
  55  6:09  Barracks  
  55  6:14  SCV x2  
  55  6:18  Marine x2  
  59  6:21  Marauder  
  61  6:26  SCV  
  62  6:47  Supply Depot  
  62  7:08  Medivac x2  
  62  7:09  Marauder, SCV x2  
  62  7:10  Supply Depot  
  62  7:11  Supply Depot x2  
  70  7:16  Barracks Tech Lab  
  70  7:28  SCV  
  69  7:32  Supply Depot  
  69  7:34  Supply Depot  
  69  7:37  Marauder x2, Marine x3  
  65  7:38  Medivac  
  66  7:54  Marine  
  66  7:55  Marine x2  
  66  7:58  Marauder x2  
  73  8:05  Refinery, SCV  
Show
View Real Time Build Order
Export as new Build Order

MrCool Terran - Winner!

Build Orders: MMM Bio 

Get SALT Encoding   

  12  0:02  SCV  
  13  0:14  SCV  
  14  0:23  Supply Depot  
  14  0:26  SCV  
  15  0:44  SCV  
  16  0:51  Barracks  
  16  0:57  SCV  
  17  1:03  Refinery  
  17  1:09  SCV  
  18  1:25  Barracks  
  18  1:35  SCV, Refinery  
  19  1:41  Marine  
  20  1:47  SCV  
  21  2:01  Marine, Command Center  
  22  2:12  Orbital Command  
  22  2:17  Marine  
  23  2:28  Supply Depot  
  23  2:42  Barracks Tech Lab  
  23  2:49  Marine  
  24  2:52  Factory  
  24  3:07  Marine  
  24  3:11  Marine  
  26  3:20  SCV  
  26  3:23  Stimpack  
  26  3:25  Marine  
  28  3:29  Marine  
  28  3:32  SCV  
  30  3:37  Starport  
  30  3:39  Supply Depot  
  30  3:44  SCV  
  31  3:54  Factory Reactor  
  31  3:55  Marine x2  
  33  4:04  Orbital Command  
  33  4:12  Marine  
  36  4:19  Marine  
  36  4:22  SCV  
  36  4:28  Engineering Bay  
  36  4:41  Medivac x2  
  36  4:42  Factory Reactor  
  36  4:44  Marine  
  36  4:45  Marine  
  42  5:02  Marine  
  43  5:11  Medivac x2  
  43  5:13  Marine  
  48  5:22  Marine, Terran Infantry Weapons Level 1  
  48  5:24  Combat Shields  
  49  5:30  Marine  
  49  5:33  Barracks  
  50  5:40  Marine  
  51  5:45  Barracks  
  51  5:48  Marine  
  52  5:51  Barracks  
  52  5:57  Marine  
  53  6:06  Marine  
  54  6:15  Supply Depot  
  54  6:17  Supply Depot  
  54  6:18  Supply Depot  
  54  6:29  Supply Depot  
  54  6:36  SCV x2, Marine x2, Medivac  
  54  6:37  Marauder  
  62  6:48  SCV  
  40  7:09  Marine x6  
  46  7:26  SCV x2  
  46  7:27  Marine x6  
  46  7:29  Missile Turret x2  
  54  7:38  SCV x2  
  56  7:44  Marine  
  56  7:45  Marine x4  
  61  7:51  Marine  
  62  8:02  Armory, Marine  
  62  8:03  Marine x2  
Tags
 
Add a new tag
Caveats
  • Supply blocks, unpowered buildings, or Contaminate may cause inaccurate times.
  • Supply counts are checked every 10 seconds.